 Dungeon Crawl Stone Soup version 0.23.2-1-ga50397a (webtiles) character file.

Game seed: 16384734742672372514

198 MalarOregon the Skirmisher (level 5, -4/45 HPs)
             Began as a Ghoul Warper on May 26, 2019.
             Killed by divine providence
             ... invoked by an orc priest
              (13 damage)
             ... on level 3 of the Dungeon.
             The game lasted 00:06:01 (3241 turns).

MalarOregon the Skirmisher (Ghoul Warper)           Turns: 3241, Time: 00:06:02

Health: -4/45      AC:  4    Str: 15    XL:     5   Next: 77%
Magic:  0/7        EV:  9    Int:  9    God:
Gold:   156        SH:  7    Dex:  8    Spells: 8/8 levels left

rFire    . . .     SeeInvis .   a - +1 mace
rCold    + . .     Gourm    .   k - +0 shield
rNeg     + + +     Faith    .   b - +0 leather armour
rPois    ∞         Spirit   +   (no helmet)
rElec    .         Reflect  .   (no cloak)
rCorr    .         Harm     .   (no gloves)
MR       .....                  c - +0 pair of boots
Stlth    +.........             o - amulet of guardian spirit
HPRegen  0.00/turn              (no ring)
MPRegen  0.10/turn              (no ring)

@: rotting
A: rotting body, claws 1, carnivore, cold resistance 1, negative energy
resistance 3, inhibited regeneration, torment resistance, unbreathing
a: no special abilities


You were on level 3 of the Dungeon.
You were not hungry.

You visited 1 branch of the dungeon, and saw 3 of its levels.

You collected 156 gold pieces.

Inventory:

Hand Weapons
 a - a +1 mace (weapon)
Missiles
 f - 3 tomahawks (quivered)
Armour
 b - a +0 leather armour (worn)
 c - a +0 pair of boots (worn)
   (You found it on level 2 of the Dungeon)
 k - a +0 shield (worn)
   (You found it on level 2 of the Dungeon)
Jewellery
 o - an amulet of guardian spirit (around neck)
   (You found it on level 3 of the Dungeon)
Scrolls
 d - a scroll of blinking
 j - 3 scrolls of teleportation {unknown}
 l - a scroll of fog {unknown}
 m - a scroll of identify {@r1}
Potions
 i - a potion of might {unknown}
 n - a potion of curing {@q1}
Comestibles
 e - 8 rations {!d}


   Skills:
 * Level 3.5 Fighting
 * Level 2.8 Maces & Flails
 + Level 1.7 Throwing
 + Level 1.7 Armour
 + Level 2.3 Dodging
 * Level 1.1 Shields
 + Level 2.3 Spellcasting
   Level 2.6 Translocations


You had 8 spell levels left.
You didn't know any spells.
Your spell library contained the following spells:

 Spells                   Type           Power        Failure   Level  Hunger
 Blink                    Tloc           N/A          77%         2    ###....
 Shroud of Golubria       Chrm/Tloc      #.........   91%         2    ###....
 Gell's Gravitas          Tloc           #.........   94%         3    ####...
 Lesser Beckoning         Tloc           #.........   94%         3    ####...
 Teleport Other           Tloc           #.......     94%         3    ####...
 Passage of Golubria      Tloc           N/A          100%        4    #####..


Dungeon Overview and Level Annotations

Branches:
Dungeon (3/15)

Altars:
Elyvilon


Innate Abilities, Weirdness & Mutations

Your body is rotting away.
You thrive on raw meat.
You are immune to poison.
You have sharp fingernails.
You are carnivorous and can eat meat at any time.
Your flesh is cold resistant. (rC+)
You are immune to negative energy. (rN+++)
You do not regenerate when monsters are visible.
You are immune to unholy pain and torment.
You can survive without breathing.


Message History

You barely miss the orc priest. You block the bat's attack. The bat hits you.
The orc hits you but does no damage.
The orc priest hits you but does no damage.
You hit the orc priest.
You kill the orc priest!
The orc hits you with a +0 club. You block the bat's attack.
You block the orc's attack.
You hit the orc priest. The bat hits you but does no damage. x2
The orc priest barely misses you. The orc barely misses you.
You closely miss the orc priest. The bat hits you but does no damage.
You block the orc priest's attack. The orc hits you with a +0 club.
The orc priest hits you but does no damage.
You closely miss the orc priest. The bat barely misses you. The orc misses you.
The orc priest looks encouraged for a moment.
You barely miss the orc priest. You block the bat's attack.
You block the orc's attack. The orc priest hits you.
* * * LOW HITPOINT WARNING * * *
The orc completely misses you.
You barely miss the orc priest. The bat hits you but does no damage.
You block the orc priest's attack. You block the orc's attack.
The orc priest mumbles some strange prayers to Beogh against you.
Beogh smites you!
* * * LOW HITPOINT WARNING * * *
The bat hits you.
* * * LOW HITPOINT WARNING * * *
You hit the orc priest but do no damage.
You block the bat's attack. The orc hits you with a +0 club.
* * * LOW HITPOINT WARNING * * *
The orc priest hits you.
* * * LOW HITPOINT WARNING * * *
It was a potion of lignification.
You feel woody for a moment. You block the bat's attack.
You block the orc priest's attack. You block the orc's attack.
It was a potion of curing.
You feel better. The bat hits you but does no damage. The orc priest hits you.
* * * LOW HITPOINT WARNING * * *
The orc barely misses you. The bat hits you but does no damage.
The bat barely misses you. The bat hits you. The bat closely misses you.
The orc priest looks encouraged for a moment.
The bat hits you but does no damage. The bat hits you but does no damage.
The bat closely misses you.
The orc priest begins to cast a cantrip, but forgets the words!
The bat hits you but does no damage. The bat hits you but does no damage.
The orc priest calls down the wrath of Beogh upon you.
Beogh smites you!
You die...

........##.........#
.............#.....#
...................#
..........###......#
.......##........<.####
....##########........#
....# #........# ...÷#
#........# ....###
##..@.....#
.#....#######...b.#...#
............#.#.###...#
#...........#...# #####
#..............##
##.........o..##
##........oo###
#.........o#
...........###


You could see an orc priest, an orc and a bat.

Vanquished Creatures
  A howler monkey (D:3)
  An orc priest (D:3)
  2 adders (D:2)
  An adder zombie (D:2)
  4 worms
  5 leopard geckos
  7 orcs (D:3)
  3 ball pythons
  2 bat skeletons (D:2)
  2 bat zombies (D:2)
  4 giant cockroaches
  3 goblins
  14 hobgoblins
  6 bats
  8 frilled lizards
  10 kobolds
  2 quokka skeletons (D:2)
  11 rats
86 creatures vanquished.

Notes
Turn   | Place    | Note
-------+----------+-------------------------------------------
     0 | D:1      | MalarOregon the Ghoul Warper began the quest for the Orb.
     0 | D:1      | Reached XP level 1. HP: 17/17 MP: 2/2
    58 | D:1      | Reached skill level 1 in Armour
   266 | D:1      | Reached skill level 1 in Throwing
   481 | D:1      | Reached XP level 2. HP: 22/25 MP: 3/3
  1064 | D:1      | Reached XP level 3. HP: 29/30 MP: 5/5
  1681 | D:2      | Found a white marble altar of Elyvilon.
  1925 | D:2      | Reached skill level 3 in Fighting
  1925 | D:2      | Reached XP level 4. HP: 36/38 MP: 6/6
  2795 | D:2      | You fall through a shaft!
  2859 | D:3      | Reached XP level 5. HP: 17/45 MP: 7/7
  2924 | D:3      | Reached skill level 1 in Shields
  3241 | D:3      | Killed from afar by an orc priest

Skill      XL: |  1  2  3  4  5 |
---------------+----------------+-----
Armour         | 1 |  1.7
Throwing       | 1 |  1.7
Maces & Flails | 2 |  2.8
Dodging        | 2 |  2.3
Spellcasting   | 2 |  2.3
Fighting       | 3 |  3.5
Shields        | 1 |  1.1
Translocations | |  2.6

Action                   |  1- 3 |  4- 6 || total
-------------------------+-------+-------++-------
Melee: Mace              |   126 |   173 ||   299
Throw: Tomahawk          |       |     5 ||     5
  Use: Scroll            |     4 |       ||     4
       Potion            |       |     3 ||     3
  Eat: Chunk             |    12 |    20 ||    32
       Ration            |       |     1 ||     1
Armor: Leather armour    |    29 |    79 ||   108
       Robe              |     3 |       ||     3
Dodge: Dodged            |    72 |   103 ||   175
Block: Shield            |       |    66 ||    66
